 Dungeon Crawl Stone Soup version bcrawl-1.19.2-6-g6a88ae04c9 (webtiles) character file.

Game seed: 17572116512735644359

1090 Mrkan the Skirmisher (level 8, -6/106 HPs)
             Began as a Hill Orc Fighter on Dec 30, 2019.
             Was a Priest of Elyvilon.
             Mangled by an orc
             ... wielding a +0 hand axe of electrocution
              (7 damage)
             ... on level 5 of the Dungeon.
             The game lasted 00:05:25 (4233 turns).

Mrkan the Skirmisher (Hill Orc Fighter)             Turns: 4233, Time: 00:05:26

Health: -6/106     AC:  0    Str: 24    XL:     8   Next: 31%
Magic:  11/11      EV: 17    Int:  8    God:    Elyvilon [***...]
Gold:   286        SH:  0    Dex: 17    Spells: 7/7 levels left

rFire    . . .     SeeInvis .     - Unarmed
rCold    . . .     Gourm    .   (shield currently unavailable)
rNeg     . . .     Faith    .   (armour currently unavailable)
rPois    .         Spirit   .   (helmet currently unavailable)
rElec    .         Reflect  .   (cloak currently unavailable)
rCorr    .         Harm     .   (gloves currently unavailable)
MR       .....                  (boots currently unavailable)
Stlth    ..........             (no amulet)
HPRegen  0.27/turn              (ring currently unavailable)
MPRegen  0.12/turn              (ring currently unavailable)

@: berserking (expiring), bat-form, flying, very quick
A: tiny
a: Lesser Healing, Heal Other, Purification, Divine Protection, Renounce
Religion


You were on level 5 of the Dungeon.
You worshipped Elyvilon.
Elyvilon was most pleased with you.
You were not hungry.
You were in bat-form.
You visited 1 branch of the dungeon, and saw 5 of its levels.

You collected 286 gold pieces.

Inventory:

Hand Weapons
 a - a +0 war axe (melded)
Armour
 c - a +0 shield (melded)
 k - a +2 hat (melded)
 v - the +2 pair of boots of Oluuschub (melded) {rPois Int+2 SInv}
   (You found it on level 4 of the Dungeon)

   It affects your intelligence (+2).
   It protects you from poison.
   It lets you see invisible.
 y - +0 fire dragon scales (melded)
 z - a +0 plate armour
Jewellery
 g - an uncursed ring of protection from fire {unknown}
 l - an uncursed ring of stealth {unknown}
 p - a cursed amulet of inaccuracy {unknown}
 w - a cursed ring of teleportation {unknown}
Scrolls
 i - 7 scrolls of identify {unknown}
 j - 4 scrolls of remove curse {unknown}
 o - a scroll of noise {unknown}
 q - 2 scrolls of fog {unknown}
 s - 2 scrolls of immolation {unknown}
 t - a scroll of enchant armour {unknown}
Potions
 d - a potion of might
 e - 3 potions of flight
 h - a potion of mutation {unknown}
 m - 2 potions of berserk rage
 n - 2 potions of curing {unknown}
 r - a potion of degeneration {unknown}
 u - a potion of resistance {unknown}
 x - a potion of ambrosia {unknown}
Comestibles
 b - 3 chunks of flesh
 f - 10 rations {!d}


   Skills:
 * Level 6.6 Fighting
   Level 6.6 Short Blades
   Level 6.6 Long Blades
   Level 6.6 Axes
   Level 6.6 Maces & Flails
   Level 6.6 Polearms
   Level 6.6 Staves
 + Level 5.7 Armour
 + Level 5.7 Shields
   Level 6.6 Unarmed Combat
 + Level 4.9 Invocations


You had 7 spell levels left.
You didn't know any spells.
Your spell library was empty.

Dungeon Overview and Level Annotations

Branches:
Dungeon (5/12)
 Temple: D:4-7

Altars:
Elyvilon
Uskayaw

Annotations:
D:4 1 runed translucent door, Quickbrownfox's ghost, amateur GrAc


Message History

The orc completely misses you.
Ijyb hits you with a +1 dagger of electrocution.
* * * LOW HITPOINT WARNING * * *
You barely miss Ijyb.
Ijyb is almost dead.
You bite Ijyb!
You kill Ijyb!
The orc hits you with a +0 dagger.
* * * LOW HITPOINT WARNING * * *
An orc comes into view.
The orc closely misses you.
Items here: ( )) / [ a +1 dagger of electrocution; a +0 hunting sling; 297 sling bullets a +0 leather armour; a wand of polymorph (6)
You are too berserk!
You barely miss the orc. You hit the orc.
The orc is heavily wounded.
The orc hits you with a +0 hand axe of electrocution!
You die...

#.#.#.#.. ..#
#.#.#.#.# #o#
#.#.#.#.# #.#
#.#.#.#.# #.#
#<#.#.#.# #.#..#o#
..#.#.#.#.#.#..#)#
###.###.#......#o#
#.#.......(....#o#.#
#.#####.#.###..#b#.#
........# .#o#.#
#.####### #....# #.#
+....# #.# #....#
#.# #######....####
#.## ...o.......#...
#..# #######........
#..## #........


You could see 5 orcs.

Vanquished Creatures
  Grinder (D:5)
  Sigmund (D:2)
  Duvessa (D:4)
  A centaur (D:5)
  Dowan (D:4)
  A howler monkey (D:4)
  An orc priest (D:5)
  3 hounds (D:4)
  An orc wizard (D:4)
  Ijyb (D:5)
  An iguana (D:4)
  4 worker ants
  A howler monkey zombie (D:5)
  5 adders
  3 worms
  5 dart slugs
  8 leopard geckos
  10 orcs
  9 bats
  A giant cockroach (D:2)
  8 goblins
  17 hobgoblins
  4 quokkas
  A ball python (D:1)
  A frilled lizard (D:3)
  A jackal skeleton (D:4)
  7 kobolds
  3 rats
101 creatures vanquished.

Vanquished Creatures (others)
  A frilled lizard (D:2)
1 creature vanquished.

Grand Total: 102 creatures vanquished

Notes
Turn   | Place    | Note
-------+----------+-------------------------------------------
     0 | D:1      | Mrkan the Hill Orc Fighter began the quest for the Orb.
     0 | D:1      | Reached XP level 1. HP: 20/20 MP: 1/1
   114 | D:1      | Reached XP level 2. HP: 12/27 MP: 2/2
   758 | D:1      | Reached XP level 3. HP: 30/34 MP: 3/3
  1288 | D:2      | Found a white marble altar of Elyvilon.
  1408 | D:2      | Noticed Sigmund
  1434 | D:2      | Became a worshipper of Elyvilon the Healer
  1447 | D:2      | Elyvilon protects you from harm!
  1450 | D:2      | Killed Sigmund
  1450 | D:2      | Reached skill level 5 in Fighting
  1450 | D:2      | Reached XP level 4. HP: 5/42 MP: 3/5
  1450 | D:2      | Reached XP level 5. HP: 5/48 MP: 3/6
  1823 | D:2      | Found a hide-covered altar of Uskayaw.
  1893 | D:2      | Reached XP level 6. HP: 52/56 MP: 7/7
  2389 | D:3      | Reached * piety under Elyvilon
  2678 | D:4      | Noticed Quickbrownfox's ghost (amateur GrAc)
  2681 | D:4      | Found a runed translucent door.
  2944 | D:4      | Got a pair of spiked boots
  2971 | D:4      | Reached ** piety under Elyvilon
  3086 | D:4      | Identified the +2 pair of boots of Oluuschub {rPois Int+2
                  | SInv} (You found it on level 4 of the Dungeon)
  3251 | D:4      | Reached XP level 7. HP: 61/62 MP: 9/9
  3378 | D:4      | Noticed Duvessa
  3379 | D:4      | Noticed Dowan
  3388 | D:4      | Killed Duvessa
  3388 | D:4      | Reached skill level 5 in Armour
  3424 | D:4      | Killed Dowan
  3424 | D:4      | Reached skill level 5 in Shields
  3852 | D:5      | Entered Level 5 of the Dungeon
  3864 | D:5      | Noticed Ijyb
  3879 | D:4      | Reached skill level 6 in Fighting
  3961 | D:5      | Noticed Grinder
  3990 | D:5      | Killed Grinder
  3990 | D:5      | Reached XP level 8. HP: 60/71 MP: 11/11
  4172 | D:5      | Reached *** piety under Elyvilon
  4228 | D:5      | HP: 5/106 [Ijyb/+1 dagger of electrocution (5)]
  4230 | D:5      | Killed Ijyb
  4230 | D:5      | HP: 1/106 [orc/+0 dagger (4)]
  4233 | D:5      | Mangled by an orc

Skill      XL: |  1  2  3  4  5  6  7 |
---------------+----------------------+-----
Fighting       | 5 6 |  6.6
Armour         | 4 5 |  5.7
Shields        | 4 5 |  5.7
Invocations    | 2 3 4 |  4.9
Short Blades   | |  6.6
Long Blades    | |  6.6
Axes           | |  6.6
Maces & Flails | |  6.6
Polearms       | |  6.6
Staves         | |  6.6
Unarmed Combat | |  6.6

Action                   |  1- 3 |  4- 6 |  7- 9 || total
-------------------------+-------+-------+-------++-------
Melee: War axe           |   139 |   155 |   110 ||   404
       Unarmed           |       |       |    16 ||    16
  Use: Potion            |     1 |       |     3 ||     4
  Eat: Chunk             |     2 |     6 |     3 ||    11
Armor: Scale mail        |    75 |    57 |       ||   132
       Fire dragon scale |       |    19 |    73 ||    92
Dodge: Dodged            |    45 |    44 |    38 ||   127
Block: Shield            |    70 |    88 |    70 ||   228
